 Dungeon Crawl Stone Soup version 0.28-a0-909-g796cbd3a86 (webtiles) character file.

Game seed: 7781584300451033982

5 siradein the Charlatan (level 1, 0/15 HPs)
             Began as a Demonspawn Artificer on Nov 24, 2021.
             Slain by a kobold (3 damage)
             ... on level 1 of the Dungeon.
             The game lasted 00:00:27 (343 turns).

siradein the Charlatan (Demonspawn Artificer)        Turns: 343, Time: 00:00:27

Health: 0/15       AC:  3    Str: 12    XL:     1   Next: 66%
Magic:  1/1        EV: 11    Int: 12    God:
Gold:   13         SH:  0    Dex: 13    Spells: 0/0 levels left

rFire   . . .      SeeInvis .   a - +0 club
rCold   . . .      Faith    .   (no shield)
rNeg    . . .      Spirit   .   b - +0 leather armour
rPois   .          Reflect  .   (no helmet)
rElec   .          Harm     .   (no cloak)
rCorr   .          Rampage  .   (no gloves)
Will    .....                   (no boots)
Stlth   +.........              (no amulet)
HPRegen 0.05/turn               (no ring)
MPRegen 0.07/turn               (no ring)

@: no status effects
A: no striking features
a: no special abilities


You were on level 1 of the Dungeon.
You visited 1 branch of the dungeon, and saw 1 of its levels.

You collected 13 gold pieces.

Inventory:

Hand Weapons
 a - a +0 club (weapon)
Armour
 b - a +0 leather armour (worn)
Wands
 c - a wand of flame (15) (quivered)
 d - a wand of charming (15)
Scrolls
 f - a scroll of teleportation {unknown}
Potions
 g - a potion of haste {unknown}
Miscellaneous
 e - a piece from Xom's chessboard (15/15)


   Skills:
 + Level 1.2 Fighting
 + Level 1.9 Armour
 + Level 1.0 Dodging
 - Level 0.8 Stealth
 + Level 3.1 Evocations


You couldn't memorise any spells.
You didn't know any spells.
Your spell library was empty.

Dungeon Overview and Level Annotations

Branches:
Dungeon (1/15)

Altars:


Message History

You are too injured to fight recklessly!
You are too injured to fight recklessly!
You completely miss the hobgoblin.
The hobgoblin is heavily wounded.
The hobgoblin barely misses you.
You closely miss the hobgoblin.
The hobgoblin is heavily wounded.
The hobgoblin barely misses you. The hobgoblin hits you.
You barely miss the hobgoblin.
The hobgoblin is heavily wounded.
The hobgoblin hits you but does no damage.
You hit the hobgoblin.
The hobgoblin is severely wounded.
The hobgoblin barely misses you.
You barely miss the hobgoblin.
The hobgoblin is severely wounded.
The hobgoblin hits you but does no damage.
You hit the hobgoblin.
You kill the hobgoblin!
You see here a hobgoblin corpse.
A bat comes into view.
The bat closely misses you.
A kobold comes into view. It is wielding a +0 short sword.
The kobold shouts!
The bat closely misses you. The bat barely misses you.
The bat closely misses you. The bat closely misses you.
You hit the bat.
You kill the bat!
A kobold comes into view. It is wielding a +0 short sword.
You closely miss the kobold.
The kobold hits you with a +0 short sword.
* * * LOW HITPOINT WARNING * * *
You closely miss the kobold.
The kobold shouts!
The kobold barely misses you. The kobold misses you.
You hit the kobold but do no damage.
The kobold hits you with a +0 short sword.
You die...

##.# ... +..≈........
#†##.## #.#..#..#.(. #.
#.....# #...........
...###..####+#...........
#.............###.########
..##.....###......
####....#...####
########...#.....
....K.K@.........
########..#..###. ...##
.... ####. ..8. .# ... ##
.. .


You could see 2 kobolds.

Vanquished Creatures
  A goblin (D:1)
  2 hobgoblins (D:1)
  A ball python (D:1)
  A bat (D:1)
5 creatures vanquished.

Notes
Turn   | Place    | Note
-------+----------+-------------------------------------------
     0 | D:1      | siradein the Demonspawn Artificer began the quest for the
                  | Orb.
     0 | D:1      | Reached XP level 1. HP: 15/15 MP: 1/1
    81 | D:1      | Reached skill level 1 in Dodging
   343 | D:1      | Slain by a kobold

Illustrated notes

Levels and vault maps discovered:
D:1:      shiori_arrival_oz, layout_rooms, ebering_ecumenical_altar_ruins

Skill      XL: |  1 |
---------------+----+-----
Dodging        | 1 |  1.0
Fighting       | |  1.2
Armour         | |  1.9
Stealth        | |  0.8
Evocations     | |  3.1

Action                   || total
-------------------------++-------
Melee: Club              ||    44
 Stab: Sleeping          ||     1
Armor: Leather armour    ||    10
Dodge: Dodged            ||    34

Table legend: (Time is in decaauts)
 A = Elapsed time spent in this place.
 B = Non-inter-level travel time spent in this place.
 C = Inter-level travel time spent in this place.
 D = Time resting spent in this place.
 E = Time spent auto-exploring this place.
 F = Levels seen in this place.
 G = Mean time per level.
                   A        B        C        D        E       F      G
               +--------+--------+--------+--------+--------+-----+--------+
         Total |    355 |    355 |      0 |    205 |     71 |   1 |  355.0 |
       Dungeon |    355 |    355 |      0 |    205 |     71 |   1 |  355.0 |
               +--------+--------+--------+--------+--------+-----+--------+

Top non-repeatable levels by time:
     D:1: 355 daAuts
